 Dungeon Crawl Stone Soup version 0.20-a0-1018-ge435b50 (webtiles) character file.

30 M4edhros the Sneak (level 3, 0/23 HPs)
             Began as an Octopode Artificer on Apr 17, 2017.
             Slain by Sigmund
             ... wielding a +0 scythe
              (8 damage)
             ... on level 2 of the Dungeon.
             The game lasted 00:00:45 (545 turns).

M4edhros the Sneak (Octopode Artificer)              Turns: 545, Time: 00:00:46

Health: 0/23       AC:  1    Str: 11    XL:     3   Next: 20%
Magic:  5/5        EV: 13    Int: 13    God:
Gold:   32         SH:  0    Dex: 13    Spells: 2/2 levels left

rFire    . . .     SeeInvis .   a - +0 short sword
rCold    . . .     Gourm    .   (no shield)
rNeg     + . .     Faith    .   (helmet restricted)
rPois    .         Spirit   .   (no amulet)
rElec    .         Reflect  .   h - ring of positive energy
rCorr    .         Harm     .   (no ring)
MR       .....                  (no ring)
Stlth    ++........             (no ring)
Regen    0.1/turn               (no ring)
MPRegen  0.1/turn               (no ring)
                                (no ring)
                                (no ring)

@: confused, flying
A: almost no armour, stealthy swim, amphibious, 8 rings, constrict 8, camouflage
1, gelatinous body 1
a: no special abilities


You were on level 2 of the Dungeon.
You were not hungry.

You visited 1 branch of the dungeon, and saw 2 of its levels.

You collected 32 gold pieces.

Inventory:

Hand Weapons
 a - a +0 short sword (weapon)
Jewellery
 h - a ring of positive energy (left tentacle)
Wands
 b - a wand of flame (15/48)
 c - a wand of enslavement (14/24)
 d - a wand of random effects (15/48)
Scrolls
 e - a scroll of enchant armour {unknown}
 g - 2 scrolls of remove curse {unknown}
 i - a scroll of identify {unknown}
 j - a scroll of teleportation {unknown}
Comestibles
 f - a bread ration


   Skills:
 - Level 1.0 Fighting
 - Level 1.0 Short Blades
 - Level 2.0 Dodging
 + Level 4.4 Stealth
 - Level 3.2 Evocations


You had 2 spell levels left.
You didn't know any spells.

Dungeon Overview and Level Annotations

Branches:
Dungeon (2/15)

Altars:

Annotations:
D:2 Sigmund


Innate Abilities, Weirdness & Mutations

You cannot wear most types of armour.
You are very stealthy in the water. (Stealth+)
You are amphibious.
You can wear up to eight rings at the same time.
You can use your tentacles to constrict eight enemies at once.
Your skin changes colour to match your surroundings (Stealth+).
Your rubbery body absorbs attacks. (AC +1, EV +1)


Message History

There are monsters nearby!
You barely miss Sigmund.
Sigmund is lightly wounded.
You constrict Sigmund. The kobold closely misses you.
Sigmund mumbles some strange words.
Sigmund flickers and vanishes!
Deactivating autopickup; reactivate with Ctrl-A.
You release your grip on something.
The kobold hits you.
You hear some strange, mumbled words.
You are more confused.
The kobold completely misses you. Something hits you.
You bump into the rock wall.
The kobold hits you but does no damage.
You closely miss something. Your squeeze misses something. Something hits you.
The kobold closely misses you.
You hit the kobold.
The kobold is heavily wounded.
The kobold barely misses you. Something hits you.
You completely miss something. The kobold hits you. Something hits you!
You die...

###.######.......#.#...#
#........###..##...#.#..
#........###(.....)...#
#........#.....#...#..#.
#..........#.(..........
#.........##....###...##
#.......(......## #.#...
#............(.# ##.###.
........@#####.####..#
.......).K.# #......###
...........{# ###......#
............# #......#
...<.......# #......#
..........# #......#
.........?# ########
.........## .......##


You could see a kobold.

Vanquished Creatures
  2 adders (D:2)
  2 leopard geckos
  A hobgoblin (D:1)
  2 kobolds
  2 bats
  A frilled lizard (D:2)
10 creatures vanquished.

Vanquished Creatures (collateral kills)
  A goblin (D:2)
1 creature vanquished.

Grand Total: 11 creatures vanquished

Notes
Turn   | Place    | Note
-------+----------+-------------------------------------------
     0 | D:1      | M4edhros the Octopode Artificer began the quest for the Orb.
     0 | D:1      | Reached XP level 1. HP: 13/13 MP: 3/3
   111 | D:1      | Reached skill level 2 in Stealth
   177 | D:2      | Reached XP level 2. HP: 18/18 MP: 4/4
   209 | D:2      | Reached skill level 3 in Stealth
   229 | D:2      | Reached skill level 4 in Stealth
   229 | D:2      | Reached XP level 3. HP: 15/23 MP: 5/5
   233 | D:2      | Noticed Sigmund
   545 | D:2      | Slain by Sigmund

Vault maps used:
D:1:      dpeg_arrival_simpleton_b
D:2:      led_sif_pool, first_bread, uniq_sigmund

Skill      XL: |  1  2 |
---------------+-------+-----
Stealth        | 2 4 |  4.4
Fighting       | |  1.0
Short Blades   | |  1.0
Dodging        | |  2.0
Evocations     | |  3.2

Action                   || total
-------------------------++-------
Melee: Short sword       ||    29
       Constrict         ||     6
       Tentacles         ||     5
Evoke: Wand              ||     1
  Use: Potion            ||     1
 Stab: Sleeping          ||     6
Armor: Skin              ||     3
Dodge: Dodged            ||    26
